 Dungeon Crawl Stone Soup version 0.21.0-3-g78d12a8 (webtiles) character file.

53 MTVSty1e the Cudgeler (level 3, -9/21 HPs)
             Began as a Gargoyle Gladiator on Jan 15, 2018.
             Mangled by Sigmund
             ... wielding a +0 scythe
              (10 damage)
             ... on level 2 of the Dungeon.
             The game lasted 00:02:06 (1023 turns).

MTVSty1e the Cudgeler (Gargoyle Gladiator)          Turns: 1023, Time: 00:02:07

Health: -9/21      AC:  9    Str: 23    XL:     3   Next: 87%
Magic:  3/3        EV: 17    Int:  8    God:
Gold:   59         SH:  0    Dex: 16    Spells: 2/2 levels left

rFire    . . .     SeeInvis .   i - +2 mace (holy)
rCold    . . .     Gourm    .   (no shield)
rNeg     + . .     Faith    .   p - +0 ring mail
rPois    ∞         Spirit   .   c - +0 helmet
rElec    +         Reflect  .   (no cloak)
rCorr    .         Harm     .   (no gloves)
MR       .....                  (no boots)
Stlth    ++........             (no amulet)
HPRegen  0.07/turn              (no ring)
MPRegen  0.08/turn              (no ring)

@: mighty, agile, flying
A: negative energy resistance 1, electricity resistance, unbreathing,
petrification resistance, rot immunity, AC +3
a: no special abilities


You were on level 2 of the Dungeon.
You were hungry.

You visited 1 branch of the dungeon, and saw 2 of its levels.

You collected 59 gold pieces.

Inventory:

Hand Weapons
 a - a +0 flail
 i - a +2 mace of holy wrath (weapon)
Missiles
 d - 3 throwing nets (quivered)
Armour
 b - a +0 leather armour
 c - a +0 helmet (worn)
 p - a +0 ring mail (worn)
Scrolls
 j - 2 scrolls of magic mapping {unknown}
 k - a scroll of random uselessness {unknown}
 n - a scroll of identify {unknown}
 o - a scroll of fear {unknown}
 r - 3 scrolls of enchant weapon {unknown}
 s - a scroll of amnesia {unknown}
Potions
 g - 3 potions of flight
 h - a potion of berserk rage {unknown}
 m - a potion of curing {unknown}
 q - a potion of invisibility {unknown}
 t - a potion of magic {unknown}
Comestibles
 f - 6 rations


   Skills:
 - Level 2.1 Fighting
 + Level 4.7 Maces & Flails
 - Level 1.7 Throwing
 - Level 2.4 Dodging


You had 2 spell levels left.
You didn't know any spells.

Dungeon Overview and Level Annotations

Branches:
Dungeon (2/15)

Altars:
Yredelemnul

Annotations:
D:2 Sigmund


Innate Abilities, Weirdness & Mutations

You are resistant to torment.
Your stone body is resilient. (AC +3)
You are immune to poison.
You resist negative energy. (rN+)
You are resistant to electric shocks. (rElec)
You can survive without breathing.
You are immune to petrification.
You are immune to rotting.


Message History

You completely miss Sigmund.
Sigmund points at you and mumbles some strange words.
The magic dart hits you!
* * * LOW HITPOINT WARNING * * *
It was a potion of flight.
You feel very buoyant.
You fly up into the air.
Sigmund hits you with a scythe.
* * * LOW HITPOINT WARNING * * *
It was a potion of agility.
You feel agile all of a sudden. Sigmund hits you but does no damage.
You hit Sigmund.
Sigmund is lightly wounded.
It was a potion of might.
You feel very mighty all of a sudden.
Sigmund mumbles some strange words.
Sigmund flickers and vanishes!
Deactivating autopickup; reactivate with Ctrl-A.
You miss something. Something hits you!
You die...

### #.. #># #.# # #...# #.#
##..# #...# #.#g.....
#######...######@{g)..<.
#.............>.###.#.##
.................#
.................# .#
..#####...######.##.. ...##
#...# #.##.# .# .P..# #...#
#.##.# .# _...# #...#
#.##.###.#
.P..###...######.##.....####


You could see a hobgoblin and a goblin.

Vanquished Creatures
  Robin (D:2)
  An ooze (D:2)
  A worm (D:2)
  2 giant cockroaches
  7 goblins (D:2)
  7 hobgoblins
  2 ball pythons
  3 bats (D:1)
  A frilled lizard (D:1)
  3 kobolds
  5 rats
33 creatures vanquished.

Notes
Turn   | Place    | Note
-------+----------+-------------------------------------------
     0 | D:1      | MTVSty1e the Gargoyle Gladiator began the quest for the Orb.
     0 | D:1      | Reached XP level 1. HP: 12/12 MP: 1/1
   282 | D:1      | Reached XP level 2. HP: 14/17 MP: 2/2
   743 | D:2      | Found a basalt altar of Yredelemnul.
   789 | D:2      | Reached skill level 4 in Maces & Flails
   940 | D:2      | Reached XP level 3. HP: 21/21 MP: 3/3
   987 | D:2      | Noticed Robin
   989 | D:2      | Noticed Sigmund
   997 | D:2      | Killed Robin
  1019 | D:2      | HP: 1/21 [Sigmund/scythe (1)]
  1023 | D:2      | Mangled by Sigmund

Skill      XL: |  1  2 |
---------------+-------+-----
Maces & Flails | 4 |  4.7
Fighting       | |  2.1
Throwing       | |  1.7
Dodging        | |  2.4

Action                   || total
-------------------------++-------
Melee: Mace              ||    92
       Flail             ||    13
  Use: Potion            ||     3
Armor: Leather armour    ||    27
       Ring mail         ||    21
Dodge: Dodged            ||    55
